 Dungeon Crawl Stone Soup version 0.18-a0-1229-ge9a1a01 (webtiles) character file.

4203 namelastname112 the Skirmisher (level 10, -4/88 HPs)
             Began as a White Draconian Wanderer on Feb 4, 2016.
             Was an Initiate of Kikubaaqudgha.
             Shot with an arrow by a centaur warrior (21 damage)
             ... on level 8 of the Dungeon.
             The game lasted 00:19:49 (10442 turns).

namelastname112 the Skirmisher (DrWn)              Turns: 10442, Time: 00:19:49

Health: -4/88      AC: 11    Str: 13 (14) XL:     10   Next: 8%
Magic:  13/13      EV: 14    Int: 13 (16) God:    Kikubaaqudgha [......]
Gold:   411        SH:  0    Dex: 10 (11) Spells: 0 memorised, 15 levels left

rFire  + . .     SeeInvis +     J - +2 lajatang (pain)
rCold  + . .     Gourm    .     (armour unavailable)
rNeg   + . .     Faith    .     (shield currently unavailable)
rPois  .         Spirit   .     (helmet restricted)
rElec  .         Dismiss  .     i - +1 cloak
rCorr  .         Reflect  .     (no gloves)
SustAt .         Harm     .     a - +1 pair of boots {run}
MR     .....     Rnd*Tele +     (no amulet)
Stlth  +.........               k - ring of positive energy
                                f - ring of see invisible

@: drained, quick, not resistant to hostile enchantments, very unstealthy
A: breathe frost, unfitting armour, horns 1, blink, blurry vision 1, cold
resistance 1, deterioration 1, fire resistance 1, low mp 1, screaming 1,
teleportitis 1, wild magic 1, cold-blooded, AC +7
a: Breathe Frost, Blink, Renounce Religion


You were on level 8 of the Dungeon.
You worshipped Kikubaaqudgha.
Kikubaaqudgha was noncommittal.
You were not hungry.

You visited 2 branches of the dungeon, and saw 9 of its levels.
You also visited: Ossuary.

You collected 411 gold pieces.

Inventory:

Hand Weapons
 y - a +0 dagger of venom
 J - a +2 lajatang of pain (weapon)
Armour
 a - a +1 pair of boots of running (worn)
 b - a +0 buckler
 i - a +1 cloak (worn)
Jewellery
 f - a ring of see invisible (left hand)
 k - a ring of positive energy (right hand)
Wands
 h - a wand of polymorph (17/24)
 q - a wand of flame (35/48)
 G - a wand of paralysis (24/24)
 N - a wand of slowing (33/48)
Scrolls
 e - a scroll of recharging
 l - 2 scrolls of identify
 n - a scroll of fear
 o - a scroll of blinking
 p - 2 scrolls of amnesia
 x - 3 scrolls of teleportation
 H - a scroll of immolation
Potions
 j - a potion of resistance
 m - a potion of cancellation
 u - 3 potions of haste
 v - a potion of agility
 w - 5 potions of lignification
 z - a potion of cure mutation
 C - a potion of invisibility
 D - a potion of brilliance
Comestibles
 c - 4 bread rations
 B - a fruit
 K - 2 beef jerkies
 L - 6 slices of pizza


   Skills:
 + Level 7.8(7.6) Fighting
   Level 3.4(4.3) Maces & Flails
   Level 5.8(6.3) Polearms
 + Level 4.6(6.2) Staves
 + Level 6.5(6.3) Dodging
 - Level 4.4(4.2) Shields
 + Level 3.3(3.1) Spellcasting
   Level 2.0(1.8) Conjurations
 * Level 4.4(4.2) Necromancy


You had 15 spell levels left.
You didn't know any spells.

Dungeon Overview and Level Annotations

Branches:
Dungeon (8/15)             Temple (1/1) D:5
   Lair: D:8-11

Altars:
Ashenzari
Cheibriados
Dithmenos
Elyvilon
Fedhas
Gozag
Kikubaaqudgha
Makhleb
Nemelex Xobeh
Okawaru
Pakellas
Qazlal
Ru
Sif Muna
Trog
Vehumet
Xom
Yredelemnul
Zin
The Shining One


Innate Abilities, Weirdness & Mutations

You can breathe waves of freezing cold.
You can buffet flying creatures when you breathe cold.
Your icy white scales are hard (AC +7).
Your body does not fit into most forms of armour.
Your flesh is cold resistant.
You are cold-blooded and may be slowed by cold attacks.
You have a pair of small horns on your head.
You can translocate small distances at will.
Scrolls take you a little longer to read.
Your body sometimes deteriorates upon taking damage.
Your flesh is heat resistant.
Your magical capacity is low (-10% MP).
You occasionally shout uncontrollably at your foes.
You are occasionally teleported next to monsters.
Your spells are a little harder to cast, but a little more powerful.


Message History

Things that are here:
a shortbow; 21 arrows Drink which item? (? for menu, Esc to quit)
You feel much better. The yak gores you.
* * * LOW HITPOINT WARNING * * *
The centaur warrior shoots an arrow.
The arrow hits you!
* * * LOW HITPOINT WARNING * * *
Your body deteriorates!
You feel dopey. The arrow burns you.
* * * LOW HITPOINT WARNING * * *
Items here: (( ))) [[[ รท Unknown command.
Read which item? (? for menu, Esc to quit)
Really read with blurry vision while enemies are nearby?
Okay, then.
Unknown command.
Drink which item? (? for menu, Esc to quit)
You feel better.
The centaur warrior shoots an arrow.
The arrow hits you!!
You die...
Kikubaaqudgha rasps: "You have failed me!
Welcome... death!"

########....# # #########
#...........# # #.......#
#........#### # #.......#
#........# # #.......#
#........####### #..(....#
#........##..... #.......#
#........##.....
######......"####c.......##.....
........((....)@)YH.(.((.().....
######.......##############.....
######### #..... #..... #.....
....... .####### #


You could see a centaur warrior, a yak and a hippogriff.

Vanquished Creatures
  Pikel (D:7)
  2 yaks (D:8)
  A human (D:7)
  2 hogs (D:7)
  A crocodile (D:7)
  Edmund (D:5)
  2 giant frogs (D:6)
  2 orc warriors
  A slave (D:7)
  A black bear (D:8)
  3 sky beasts
  3 phantoms
  A centaur (D:8)
  An ogre (D:4)
  5 water moccasin zombies (Ossuary)
  A scorpion (D:6)
  5 wights (D:8)
  2 jellies (D:8)
  5 crimson imps
  A wasp zombie (D:8)
  2 orc wizards
  2 quasits
  4 orc priests
  2 hounds
  A giant frog skeleton (D:8)
  2 iguanas
  2 worker ants (D:4)
  2 sheep (D:7)
  A big kobold zombie (Ossuary)
  A hound zombie (D:7)
  A hound skeleton (D:7)
  2 mummies (Ossuary)
  11 adders
  2 shadow imps
  4 oozes
  4 adder zombies (Ossuary)
  3 worms
  6 giant geckos
  23 orcs
  11 giant cockroaches
  5 goblins
  7 hobgoblins
  6 jackals
  7 kobolds
  3 quokkas
  2 ball pythons
  8 bats
  A giant gecko skeleton (D:6)
  A giant gecko zombie (D:5)
  2 giant newts (D:1)
  2 gnoll zombies (Ossuary)
  2 goblin skeletons (D:5)
  2 goblin zombies (D:4)
  11 hobgoblin zombies
  A jackal skeleton (D:4)
  A kobold skeleton (D:5)
  11 kobold zombies
  2 orc skeletons (D:5)
  An orc zombie (Ossuary)
  A quokka zombie (D:6)
  12 rats
215 creatures vanquished.

Vanquished Creatures (collateral kills)
  A centaur (D:6)
  A giant frog (D:6)
  A crimson imp (D:6)
3 creatures vanquished.

Vanquished Creatures (others)
  2 slaves (D:7)
  A kobold zombie (Ossuary)
  An orc zombie (Ossuary)
4 creatures vanquished.

Grand Total: 222 creatures vanquished

Notes
Turn   | Place    | Note
--------------------------------------------------------------
     0 | D:1      | namelastname112 the Draconian Wanderer began the quest for the Orb.
     0 | D:1      | namelastname112 set off with: a +2 spear, a +0 buckler, a bread ration
     0 | D:1      | Reached XP level 1. HP: 19/19 MP: 3/3
   409 | D:1      | Reached XP level 2. HP: 17/26 MP: 5/5
   548 | D:1      | Reached skill level 1 in Polearms
   577 | D:1      | Reached skill level 1 in Dodging
  1048 | D:2      | Reached XP level 3. HP: 24/33 MP: 6/6
  1099 | D:2      | Found a shadowy altar of Dithmenos.
  1210 | D:2      | Found a radiant altar of Vehumet.
  1236 | D:2      | Found a shattered altar of Ashenzari.
  1471 | D:2      | Found a bloodstained altar of Trog.
  1728 | D:3      | Reached XP level 4. HP: 30/40 MP: 7/7
  1863 | D:3      | Reached skill level 4 in Fighting
  2266 | D:3      | Reached XP level 5. HP: 37/46 MP: 8/8
  2538 | D:3      | Found a sparkling altar of Nemelex Xobeh.
  2821 | D:3      | Found a blossoming altar of Fedhas.
  2965 | D:4      | Reached XP level 6. HP: 53/53 MP: 9/9
  3020 | D:4      | Found a sand-covered staircase.
  3028 | Ossuary  | Entered an ossuary
  3588 | Ossuary  | Reached XP level 7. HP: 37/60 MP: 10/10
  3588 | Ossuary  | Your scales start taking on an icy white colour.
  3588 | Ossuary  | Gained mutation: Your flesh is cold resistant. [White Draconian growth]
  3758 | Ossuary  | Reached skill level 5 in Fighting
  4447 | D:4      | Found a shimmering altar of Xom.
  4552 | D:4      | Reached skill level 5 in Polearms
  4731 | D:4      | Became a worshipper of Xom the Fickle
  4775 | D:4      | XOM: potion effect (brilliance)
  4970 | D:4      | XOM: potion effect (invisibility)
  5150 | D:5      | Entered Level 5 of the Dungeon
  5171 | D:5      | XOM: silly message
  5215 | D:5      | XOM: silly message
  5229 | D:5      | Reached XP level 8. HP: 61/68 MP: 11/11
  5244 | D:5      | XOM: confuse monster(s)
  5252 | D:5      | Found a glowing golden altar of the Shining One.
  5299 | D:5      | XOM: enchant monster (good)
  5322 | D:5      | XOM: summons 3 friendly demons
  5464 | D:5      | Found a staircase to the Ecumenical Temple.
  5464 | D:5      | XOM: 7-stop teleportation journey
  5590 | D:5      | Noticed Edmund
  5609 | D:5      | Killed Edmund
  5984 | D:5      | Reached skill level 1 in Maces & Flails
  5994 | D:5      | Reached skill level 5 in Dodging
  6009 | D:5      | Gained mutation: Your magical capacity is low (-10% MP). [mutagenic meat]
  6010 | D:5      | Gained mutation: Your spells are a little harder to cast, but a little more powerful. [mutagenic meat]
  6011 | D:5      | Gained mutation: You have a pair of small horns on your head. [mutagenic meat]
  6012 | D:5      | Gained mutation: You are occasionally teleported next to monsters. [mutagenic meat]
  6013 | D:5      | Gained mutation: Scrolls take you a little longer to read. [mutagenic meat]
  6036 | D:5      | XOM: give mutations
  6036 | D:5      | Gained mutation: You possess an exceptional clarity of mind. [Xom's grace]
  6036 | D:5      | Gained mutation: Your flesh is heat resistant. [Xom's grace]
  6036 | D:5      | Lost mutation: Your magical capacity is low (-10% MP). [Xom's grace]
  6036 | D:5      | Gained mutation: Your mind is acute. (Int +2) [Xom's grace]
  6040 | D:5      | XOM: god gift: scroll labeled IXKIXKAMOE
  6057 | D:5      | XOM: polymorph crimson imp -> quasit
  6180 | D:5      | Found a sacrificial altar of Ru.
  6349 | D:6      | XOM: enchant monster (good)
  6358 | D:6      | Reached skill level 6 in Fighting
  6486 | D:6      | Found a burning altar of Makhleb.
  6606 | D:6      | XOM: summons 4 friendly demons
  6672 | D:6      | XOM: divination: detect items
  7021 | D:6      | Reached skill level 1 in Staves
  7051 | D:6      | Gained mutation: Your magical capacity is low (-10% MP). [mutagenic meat]
  7251 | D:7      | Reached XP level 9. HP: 58/78 MP: 10/10
  7376 | Temple   | Entered the Ecumenical Temple
  7405 | Temple   | Fell from the grace of Xom
  7405 | Temple   | Became a worshipper of Kikubaaqudgha
  7567 | D:7      | XOM: severe Necr miscast
  7568 | D:7      | Noticed a reaper
  7569 | D:7      | Reached skill level 7 in Fighting
  7978 | D:7      | Found an ancient bone altar of Kikubaaqudgha.
  8160 | D:7      | Found an iron altar of Okawaru.
  8221 | D:7      | Noticed Pikel
  8240 | D:7      | Killed Pikel
  8623 | D:7      | XOM: give mutations
  8623 | D:7      | Lost mutation: You possess an exceptional clarity of mind. [Xom's mischief]
  8623 | D:7      | Gained mutation: You occasionally shout uncontrollably at your foes. [Xom's mischief]
  8623 | D:7      | Gained mutation: You can translocate small distances at will. [Xom's mischief]
  8623 | D:7      | Gained mutation: Your body sometimes deteriorates upon taking damage. [Xom's mischief]
  8662 | D:7      | XOM: give mutation
  8662 | D:7      | Lost mutation: Your mind is acute. (Int +2) [Xom's mischief]
  8840 | D:7      | XOM: medium Trmt miscast
  9122 | D:7      | Identified a scroll of acquirement
  9128 | D:7      | Identified a +1 pair of boots of running (You acquired it on level 7 of the Dungeon)
  9384 | D:8      | XOM: medium Erth miscast
  9442 | D:8      | Noticed a centaur warrior
  9589 | D:8      | XOM: medium Erth miscast
 10065 | D:8      | Reached XP level 10. HP: 20/88 MP: 13/13
 10088 | D:8      | XOM: stat loss: -2 Str (12/14)
 10439 | D:8      | HP: 3/88 [centaur warrior/arrow (3)]
 10442 | D:8      | Shot with an arrow by a centaur warrior

Vault maps used:
D:1:      dpeg_arrival_castle
D:2:      marbit_many_paths, lemuel_doored_altar,
          nicolae_dithmenos_through_a_glass_darkly, lemuel_round_altar,
          first_bread
D:3:      forest_paths, lemuel_round_altar, serial_glass, glass_columns_b,
          glass_columns_a, nemelex_diamond_rough_becter
D:4:      led_xom_imps, enter_ossuary_4
D:5:      overflow_temple_1_default, nicolae_tso_besieged_by_evil, temple_hall,
          uniq_edmund
D:6:      makhleb_heckhound_becter
D:7:      okawaru_gym_becter, basic_altar, grunt_livestock, uniq_pikel
Temple:   triangle_lava_temple_11
Ossuary:  ossuary_tomb_2

Action                   |  1- 3 |  4- 6 |  7- 9 | 10-12 || total
-------------------------+-------+-------+-------+-------++-------
Melee: Spear             |   157 |   337 |   122 |       ||   616
       Dagger            |       |       |   482 |       ||   482
       Lajatang          |       |       |    69 |    25 ||    94
 Abil: Breathe Frost     |       |       |    19 |     2 ||    21
  Use: Potion            |       |     3 |     1 |     3 ||     7
       Scroll            |       |       |    29 |       ||    29
 Stab: Sleeping          |     3 |     4 |     1 |       ||     8
       Confused          |       |       |     1 |       ||     1
       Invisible         |       |       |     1 |       ||     1
       Petrifying        |       |       |     1 |       ||     1
       Paralysed         |       |       |     1 |       ||     1
  Eat: Chunk             |     2 |     5 |    17 |       ||    24
       Beef jerky        |       |     1 |       |       ||     1
       Bread ration      |       |       |     3 |     1 ||     4
       Pizza             |       |       |     1 |       ||     1
